cohdb
Replays
Latest Replays
All Replays
Popular Replays
Top Player Replays
Match Explorer
How It Works
Community
CoH3 Stats
Reddit
Sign in to upload your games and track your stats! →
Sign in with Steam
Match 41447949
Unlisted
Match 41447949
Overview
Messages
Build Orders
End
Pioneer Squad
Construct Infanterie Kompanie
Grenadier Squad
Grenadier Squad
Selects Terror Battlegroup
Selects Machine Gun Camouflage
MG 42 Machine Gun Team
Grenadier Squad
Infanterie Officer Quarters
Selects Interrogate
Construct Panzergrenadier Kompanie
Panzergrenadier Squad
Support Elements
Medical Bunker
Selects Defend the Fatherland
StuG III G Assault Gun
Panzergrenadier Squad
Panzergrenadier Officer Quarters
MG 42 Machine Gun Team
StuG III G Assault Gun
Selects King Tiger Heavy Tank
Pioneer Squad
Defend the Fatherland
MadMax
Banzaillamas
0
0
Comments
sign in to comment!
No comments posted yet!